 Dungeon Crawl Stone Soup version 0.30.1-1-g62c8e00024 (webtiles) character file.

Game seed: 13379348210441072045

86 monsoonserge the Magician (level 4, 0/31 HPs)
             Began as a Djinni Fire Elementalist on July 17, 2023.
             Killed by miscasting Flame Wave (15 damage)
             ... on level 2 of the Dungeon.
             The game lasted 00:05:17 (1434 turns).

monsoonserge the Magician (DjFE)                    Turns: 1434, Time: 00:05:18

Health: 0/31       AC:  4    Str:  7    XL:     4   Next: 78%
Gold:   52         EV: 11    Int: 18    God:
                   SH:  0    Dex: 14

rFire   + + .        m - +2 hammer (heavy)
rCold   x . .        (no shield)
rNeg    . . .        k - +0 leather armour
rPois   ∞            l - +0 helmet
rElec   .            (no cloak)
rCorr   .            (no gloves)
SInv    .            (boots unavailable)
Will    .....        (no amulet)
Stlth   ++           (no ring)
HPRegen 0.25/turn    (no ring)
MPRegen 0.00/turn

%: infuse magic (-1 HP)
@: flying, very slightly contaminated
A: sickness immunity, fire resistance 2, cold vulnerability 1, float, innate
caster, HP casting, extra vitality 1
a: no special abilities


You were on level 2 of the Dungeon.
You visited 1 branch of the dungeon, and saw 2 of its levels.

You collected 52 gold pieces.

Inventory:

Hand Weapons
 b - a +0 short sword
 m - a +2 heavy hammer (weapon)
Missiles
 f - 4 javelins (quivered)
 j - 3 poisoned darts
Armour
 a - a +0 robe
 k - a +0 leather armour (worn)
 l - a +0 helmet (worn)
Scrolls
 c - a scroll of enchant armour {unknown}
 e - 3 scrolls of identify {unknown}
 g - 2 scrolls of fog {unknown}
 h - a scroll of fear {unknown}
 n - a scroll of immolation {unknown}
Potions
 d - 2 potions of curing {unknown}
 i - a potion of might {unknown}


   Skills:
 + Level 0.1 Short Blades
 * Level 0.5 Armour
 + Level 2.2 Dodging
 + Level 1.9 Stealth
 * Level 3.7 Spellcasting


You knew the following spells:

 Your Spells              Type           Power      Damage    Failure   Level
a - Foxfire               Conj/Fire      68%        2x1d7     4%          1
b - Scorch                Fire           34%        2d6       7%          2
c - Volatile Blastmotes   Fire/Tloc      34%        2d12      14%         3
d - Inner Flame           Hex/Fire       17%        N/A       14%         3
e - Flame Wave            Conj/Fire      17%        2d7       43%         4
f - Slow                  Hex            68%        N/A       4%          1
Your spell library was empty.

Dungeon Overview and Level Annotations

Branches:
Dungeon (2/15)

Altars:

Annotations:
D:2 1 runed translucent door, Crazy Yiuf, Natasha


Innate Abilities, Weirdness & Mutations

You are immune to sickness and miasma.
You are immune to poison.
Your flesh is very heat resistant. (rF++)
You are vulnerable to cold. (rC-)
You float through the air rather than walking.
You learn spells naturally, not from books.
Your magical power is your life essence.
You have superior vitality. (+4 MHP)


Message History

The cerulean imp hits you from afar with a +2 spear.
Unknown command.
Casting: Foxfire (safe; 4% risk of failure)
Confirm with . or Enter, or press ? or * to list all spells.
Okay, then.
Casting: Foxfire (safe; 4% risk of failure)
Confirm with . or Enter, or press ? or * to list all spells.
Okay, then.
The foxfire hits the cerulean imp.
The cerulean imp is moderately wounded.
The foxfire hits the cerulean imp!
The cerulean imp is severely wounded.
The cerulean imp hits you with a +2 spear.
Natasha casts a spell.
Casting: Foxfire (safe; 4% risk of failure)
Confirm with . or Enter, or press ? or * to list all spells.
The spell is quite dangerous to miscast (14% risk of failure)!
Continue anyway?
Okay, then.
Casting: Inner Flame (quite dangerous; 14% risk of failure)
Confirm with . or Enter, or press ? or * to list all spells.
Flames lash the cerulean imp.
You kill the cerulean imp!
The cerulean imp disappears in a puff of smoke!
Unknown command.
Casting: Scorch (safe; 7% risk of failure)
Confirm with . or Enter, or press ? or * to list all spells.
Flames lash the cerulean imp.
The cerulean imp is moderately wounded.
The cerulean imp's fire resistance burns away.
The goblin hits you but does no damage.
The cerulean imp hits you from afar with a +0 spear.
Casting: Scorch (safe; 7% risk of failure)
Confirm with . or Enter, or press ? or * to list all spells.
The spell is astonishingly dangerous to miscast (43% risk of failure)!
Continue anyway?
Casting: Flame Wave (astonishingly dangerous; 43% risk of failure)
Press: ? - help, Dir - look around, f - activate You miscast Flame Wave.
You are very lightly contaminated with residual magic.
Energy rips through your body!
You die...

.......#####.####..#
#.##.... ###.####
#.......# #.......
....### #######.#
####.... ......# #.###
##... ...##.# ### #...#
#... ..###.# .... ###)#
#######... ....#.#
.....######.###.........
.##.#.#
.>?.h5g...#.............
......#
.....#@#v#...#.........
###.### ...
#.#......######...
#.##### # #........#
#... #.#...# ###...)..#
#... #.....# #.#...##
#... ###...# ..##.##
#... ##.## #####..##
###.). #.#
#########...####.....
#.#
#..............#.##..


You could see Natasha, a cerulean imp (summoned, combustible) and a goblin.

Vanquished Creatures
  Robin (D:1)
  An adder (D:2)
  2 dart slugs
  4 orcs (D:2)
  An endoplasm (D:1)
  3 giant cockroaches
  8 goblins (D:2)
  12 hobgoblins
  2 jackals (D:2)
  3 kobolds
  3 ball pythons
  6 bats
  2 frilled lizards (D:1)
  8 rats
56 creatures vanquished.

Vanquished Creatures (others)
  118 foxfires
118 creatures vanquished.

Grand Total: 174 creatures vanquished

Notes
Turn   | Place    | Note
-------+----------+-------------------------------------------
     0 | D:1      | monsoonserge the Djinni Fire Elementalist began the quest
                  | for the Orb.
     0 | D:1      | monsoonserge set off with the following spells memorised:
                  | Foxfire, Scorch, Volatile Blastmotes, Inner Flame, Flame
                  | Wave.
     0 | D:1      | Reached XP level 1. HP: 15/15 MP: 0/0
    96 | D:1      | Reached XP level 2. HP: 21/21 MP: 0/0
   162 | D:1      | Reached skill level 3 in Spellcasting
   492 | D:1      | Reached XP level 3. HP: 23/25 MP: 0/0
   492 | D:1      | Learned a level 1 spell: Slow
   812 | D:2      | Reached XP level 4. HP: 19/31 MP: 0/0
   888 | D:2      | Noticed Robin
   914 | D:1      | Killed Robin
  1036 | D:2      | Found a runed translucent door.
  1037 | D:2      | Noticed Crazy Yiuf
  1426 | D:2      | Noticed Natasha
  1434 | D:2      | Killed by miscasting Flame Wave

Illustrated notes

Levels and vault maps discovered:
D:1:      co_arrival_hexagon_in_a_hexagon, layout_basic, nrook_mini_vaults,
          kennysheep_nondescript
D:2:      layout_loops_cross, uniq_crazy_yiuf_cottage, uniq_robin, uniq_natasha

Skill      XL: |  1  2 |
---------------+-------+-----
Spellcasting   | 3 |  3.7
Short Blades   | |  0.1
Armour         | |  0.5
Dodging        | |  2.2
Stealth        | |  1.9

Action                     |  1- 3 |  4- 6 || total
---------------------------+-------+-------++-------
  Melee: Short sword       |     5 |     4 ||     9
         Unarmed           |     1 |       ||     1
         Mace              |       |     2 ||     2
   Cast: Foxfire           |    48 |    28 ||    76
         Scorch            |     8 |    15 ||    23
 Armour: Robe              |     1 |       ||     1
         Leather armour    |       |     6 ||     6
  Dodge: Dodged            |    14 |     7 ||    21
